 Dungeon Crawl Stone Soup version 0.27.1-34-g3ba077fa99 (webtiles) character file.

Game seed: 3367226445673169275

149 growler the Zephyrmancer (level 5, 0/28 HPs)
             Began as a Tengu Air Elementalist on Jan 14, 2022.
             Succumbed to a scorpion's poison
             ... on level 2 of the Dungeon.
             The game lasted 00:04:58 (1797 turns).

growler the Zephyrmancer (Tengu Air Elementalist)   Turns: 1797, Time: 00:04:59

Health: 0/28       AC:  2    Str:  8    XL:     5   Next: 31%
Magic:  15/15      EV: 14    Int: 16    God:
Gold:   10         SH:  5    Dex: 15    Spells: 11/17 levels left

rFire    . . .     SeeInvis .   (no weapon)
rCold    + . .     Faith    .   (no shield)
rNeg     . . .     Spirit   .   a - +0 robe
rPois    .         Reflect  +   (helmet restricted)
rElec    .         Harm     .   i - scarf {repulsion}
rCorr    .         Rampage  .   (no gloves)
Will     .....                  (boots unavailable)
Stlth    ++........             g - amulet of reflection
HPRegen  0.09/turn              o - ring of protection from cold
MPRegen  0.14/turn              (no ring)

@: lethally poisoned (0 -> -21), flying quickly and evasively, repel missiles,
quick
A: beak, talons 3, nimble flight
a: no special abilities


You were on level 2 of the Dungeon.
You visited 1 branch of the dungeon, and saw 2 of its levels.

You collected 10 gold pieces.

Inventory:

Armour
 a - a +0 robe (worn)
 i - a scarf of repulsion (worn)
   (You found it on level 1 of the Dungeon)
Jewellery
 g - an amulet of reflection (around neck)
   (You found it on level 1 of the Dungeon)
 o - a ring of protection from cold (left hand)
   (You found it on level 1 of the Dungeon)
Scrolls
 b - a scroll of identify {unknown}
 c - a scroll of fear {unknown}
 d - a scroll of noise {unknown}
 e - a scroll of blinking {unknown}
 h - a scroll of holy word {unknown}
 j - a scroll of enchant armour {unknown}
 k - a scroll of magic mapping {unknown}


   Skills:
 - Level 2.1 Dodging
 - Level 2.0 Stealth
 - Level 6.6 Spellcasting
 - Level 9.1 Conjurations
 + Level 9.9 Air Magic


You had 11 spell levels left.
You knew the following spells:

 Your Spells              Type           Power      Damage    Failure   Level
a - Shock                 Conj/Air       100%       1d9       1%          1
d - Static Discharge      Conj/Air       35%        N/A       1%          2
s - Swiftness             Air            37%        N/A       1%          3

Your spell library contained the following spells:

 Spells                   Type           Power      Damage    Failure   Level
 Airstrike                Air            18%        N/A       2%          4


Dungeon Overview and Level Annotations

Branches:
Dungeon (2/15)

Altars:


Innate Abilities, Weirdness & Mutations

You have a beak for a mouth.
You have claws for feet.
Your magical nature lets you fly swiftly and evasively.


Message History

The scorpion stings you.
The scorpion is struck by an arc of lightning.
You are struck by an arc of lightning.
* * * LOW HITPOINT WARNING * * *
The lightning grounds out.
The scorpion stings you.
* * * LOW HITPOINT WARNING * * *
You are lethally poisoned!
The scorpion poisons you!
It was a potion of cancellation.
You feel magically purged.
* * * LOW HITPOINT WARNING * * *
You feel very sick. You block the scorpion's attack.
It was a potion of experience.
You feel more experienced!
Your Spellcasting skill gained 4 levels and is now at level 6!
Your Conjurations skill gained 6 levels and is now at level 9!
Your Air Magic skill gained 4 levels and is now at level 9!
Training target 5.0 for Spellcasting reached!
Training target 9.0 for Conjurations reached!
You have reached level 5!
Your magical nature develops, letting you fly swiftly and evasively.
* * * LOW HITPOINT WARNING * * *
You feel sick. The scorpion closely misses you.
You block the scorpion's attack.
It was a potion of ambrosia.
You are confused.
You feel invigorated.
* * * LOW HITPOINT WARNING * * *
You feel sick. The scorpion stings you.
* * * LOW HITPOINT WARNING * * *
Unknown command.
Unknown command.
* * * LOW HITPOINT WARNING * * *
You feel sick. The scorpion barely misses you.
You feel sick.
You feel sick. The scorpion stings you.
* * * LOW HITPOINT WARNING * * *
You are lethally poisoned!
The scorpion poisons you!
* * * LOW HITPOINT WARNING * * *
You feel very sick.
You barely miss the scorpion.
You feel less invigorated.
You feel less confused.
* * * LOW HITPOINT WARNING * * *
You feel very sick. The scorpion misses you. The scorpion stings you.
* * * LOW HITPOINT WARNING * * *
You are more poisoned.
The scorpion poisons you!
You die...

# .#. ....
.....####
........#
.....##.# ...
##.## .
##.@.##
##.....######
#....s......#
#......####.#
#.#[..##
#.##.###
#.##...#
#.####.# #.#
#.#


You could see a scorpion.

Vanquished Creatures
  3 adders (D:2)
  A worm (D:2)
  6 endoplasms
  3 giant cockroaches
  3 goblins (D:1)
  4 hobgoblins (D:1)
  2 jackals (D:1)
  6 kobolds (D:1)
  A quokka (D:1)
  A ball python (D:1)
  A bat (D:1)
  4 frilled lizards (D:1)
  7 rats (D:1)
42 creatures vanquished.

Notes
Turn   | Place    | Note
-------+----------+-------------------------------------------
     0 | D:1      | growler the Tengu Air Elementalist began the quest for the
                  | Orb.
     0 | D:1      | Reached XP level 1. HP: 10/10 MP: 4/4
   318 | D:1      | Reached XP level 2. HP: 14/15 MP: 3/6
   771 | D:1      | Reached XP level 3. HP: 19/19 MP: 1/7
   774 | D:1      | Learned a level 2 spell: Static Discharge
   778 | D:1      | Learned a level 3 spell: Swiftness
   843 | D:1      | Found a faded altar of an unknown god.
  1599 | D:2      | Reached XP level 4. HP: 12/24 MP: 2/9
  1777 | D:2      | Noticed a scorpion
  1781 | D:2      | Reached skill level 5 in Air Magic
  1790 | D:2      | Gained mutation: Your magical nature lets you fly swiftly
                  | and evasively. [Tengu growth]
  1790 | D:2      | Reached XP level 5. HP: 5/28 MP: 0/15
  1797 | D:2      | Succumbed to a scorpion's poison

Illustrated notes

Levels and vault maps discovered:
D:1:      scummos_arrival_star, layout_loops_ring,
          chequers_ecumenical_altar_island, minmay_small_reverse_x
D:2:      layout_loops_ring, basic_altar

Skill      XL: |  1  2  3  4 |
---------------+-------------+-----
Conjurations   | 2 3 9 |  9.1
Air Magic      | 9 |  9.9
Spellcasting   | 6 |  6.6
Dodging        | |  2.1
Stealth        | |  2.0

Action                   |  1- 3 |  4- 6 || total
-------------------------+-------+-------++-------
Melee: Unarmed           |    23 |     1 ||    24
       Peck              |     2 |       ||     2
       Kick              |     4 |       ||     4
 Cast: Shock             |    85 |     2 ||    87
       Static Discharge  |     3 |     4 ||     7
  Use: Potion            |       |     3 ||     3
 Stab: Sleeping          |     1 |       ||     1
Armor: Robe              |     4 |       ||     4
Dodge: Dodged            |    16 |     4 ||    20
Block: Other             |     5 |     2 ||     7
